 Dungeon Crawl Stone Soup version 0.31-a0-152-g6aa68a64a1 (webtiles) character file.

Game seed: 15327959432710439251

5464 qw the Skirmisher (level 10, -6/91 (96) HPs)
             Began as a Naga Hunter on June 9, 2023.
             Was a Follower of Okawaru.
             Mangled by Maggie
             ... wielding a +0 glaive
              (15 damage)
             ... on level 10 of the Dungeon.
             The game lasted 00:02:42 (7168 turns).

qw the Skirmisher (Naga Hunter)                     Turns: 7168, Time: 00:02:42

HP:   -6/91 (96)    AC: 15    Str: 14    XL:     10   Next: 68%
MP:   11/13         EV: 13    Int: 10    God:    Okawaru [*.....]
Gold: 139           SH:  5    Dex: 18    Spells: 9/9 levels left

rFire   + . .        Y - -2 triple crossbow
rCold   + . .        (shield currently unavailable)
rNeg    . . .        i - +1 robe {rF+}
rPois   +            (no helmet)
rElec   .            q - +2 cloak {rCorr}
rCorr   +            (no gloves)
SInv    +            a - +1 barding
Will    ++...        j - amulet of reflection
Stlth   ++++         b - ring of protection from cold
HPRegen 0.35/turn    l - ring of willpower
MPRegen 0.13/turn

%: reflection
@: short of breath, heroic, mesmerised, drained, very slow
A: AC +3, large, see invisible, deformed body, poison resistance, slowness 2,
spit poison 1, naga tail 1
a: Spit Poison, Renounce Religion, Heroism


You were on level 10 of the Dungeon.
You worshipped Okawaru.
Okawaru was aware of your devotion.
You visited 2 branches of the dungeon, and saw 11 of its levels.

You collected 466 gold pieces.
You spent 327 gold pieces at shops.


Innate Abilities, Weirdness & Mutations

Your serpentine skin is tough. (AC +3)
You have supernaturally acute eyesight. (SInv)
Armour fits poorly on your strangely shaped body.
Your system is resistant to poisons. (rPois)
You cover ground very slowly.
You can spit poison.
You have a snake-like lower body.


   Skills:
 - Level 8.2(13.2) Fighting
 + Level 11.2(16.2) Ranged Weapons
 - Level 2.5(7.5) Armour
 - Level 4.0(9.0) Dodging
 - Level 1.5(6.5) Stealth
 - Level 4.0 Invocations


You had 9 spell levels left.
You didn't know any spells.
Your spell library was empty.

Inventory:

Hand Weapons
 Y - a -2 triple crossbow (weapon)
Armour
 a - a +1 barding (worn)
 i - a +1 robe of fire resistance (worn)
 k - +0 steam dragon scales
 p - a +0 leather armour of willpower
 q - a +2 cloak of preservation (worn)
Jewellery
 b - a ring of protection from cold (left hand)
 j - an amulet of reflection (around neck)
 l - a ring of willpower (right hand)
 r - a ring of protection from cold
Wands
 d - a wand of digging (4)
Scrolls
 e - 2 scrolls of identify
Potions
 g - a potion of curing
 m - a potion of haste
 n - a potion of mutation

Dungeon Overview and Level Annotations

Branches:
Dungeon (10/15)            Temple (1/1) D:4
   Lair: D:8-11         Orc: D:9-12

Altars:
Ashenzari
Cheibriados
Dithmenos
Elyvilon
Fedhas
Gozag
Hepliaklqana
Kikubaaqudgha
Makhleb
Nemelex Xobeh
Okawaru
Qazlal
Ru
Sif Muna
Trog
Uskayaw
Vehumet
Wu Jian
Xom
Yredelemnul
Zin
The Shining One

Shops:
D:7 =*

Annotations:
D:3 Sigmund
D:7 2 transporters
D:10 Maggie


Message History

You have got your breath back.
Maggie gestures wildly while chanting.
Maggie attempts to bespell you!
You are mesmerised by Maggie!
7161 ||| INVOKING Spit Poison.
Aiming: Spit Poison (1% risk of failure)
Press: ? - help, Shift-Dir - straight line, f/p - Maggie The splash of poison hits Maggie.
Maggie is poisoned.
Maggie is severely wounded.
You shoot a bolt. The bolt closely misses Maggie.
Maggie casts a spell.
Maggie draws you further into her thrall.
You block Maggie's attack.
You shoot a bolt. The bolt hits Maggie.
Maggie is severely wounded.
You feel like a meek peon again. You block Maggie's attack.
7164 ||| INVOKING Heroism.
You gain the combat prowess of a mighty hero.
Maggie hits you from afar with a +0 glaive.
You shoot a bolt. The bolt completely misses Maggie.
Maggie looks more healthy.
Maggie misses you.
Maggie hits you from afar with a +0 glaive.
You shoot a bolt.
The bolt hits Maggie but does no damage.
Maggie is severely wounded.
You have got your breath back.
Maggie casts a spell at you. The bolt of fire hits you! You resist.
7167 ||| INVOKING Spit Poison.
Aiming: Spit Poison (1% risk of failure)
Press: ? - help, Shift-Dir - straight line, f/p - Maggie The splash of poison hits Maggie but does no damage.
Maggie is poisoned.
Maggie is severely wounded.
Maggie points at you and mumbles some strange words.
The bolt of fire hits you! You resist.
You shoot a bolt. The bolt closely misses Maggie.
Maggie hits you from afar with a +0 glaive!
You die...

#..##.......
.#.........
.......!...
..........
#.........
.. .........
.. #......?.
...#
#@.@.....
..##
##...#...
...# ###....
.. #.. . .


You could see Maggie (mesmerising, poisoned).

Vanquished Creatures
  Harold (D:10)
  Amaemon (D:8)
  An orange demon (D:8)
  A wyvern (D:10)
  Menkaure (D:6)
  2 steam dragons
  A water moccasin (D:7)
  A sky beast (D:6)
  5 black bears
  2 ice beasts (D:7)
  5 ogres
  A centaur (D:7)
  A phantom (D:5)
  5 scorpions
  8 bullfrogs
  A gnoll sergeant (D:9)
  6 wights
  4 killer bees (D:9)
  An electric eel (D:7)
  2 howler monkeys (D:10)
  2 orc priests
  4 hounds
  5 jellies
  2 sleepcaps
  3 iguanas
  An orc wizard (D:8)
  6 adders
  7 gnolls
  A white imp (D:5)
  An ufetubus (D:7)
  3 worms
  2 dart slugs
  21 orcs
  2 bats (D:3)
  An endoplasm (D:4)
  2 giant cockroaches
  7 hobgoblins
  8 ball pythons
  3 frilled lizards (D:2)
  5 goblins
  4 kobolds
  7 rats
147 creatures vanquished.

Notes
Turn   | Place    | Note
-------+----------+-------------------------------------------
     0 | D:1      | qw the Naga Hunter began the quest for the Orb.
     0 | D:1      | Reached XP level 1. HP: 19/19 MP: 1/1
     0 | D:1      | 0 ||| qw: Version: 0.2-a-122-gbc61b45
     0 | D:1      | 0 ||| qw: Game counter: 3254
     0 | D:1      | 0 ||| qw: Always use a shield: true
     0 | D:1      | 0 ||| qw: God list: Okawaru
     0 | D:1      | 0 ||| qw: Allow faded altars: false
     0 | D:1      | 0 ||| qw: Do Orc after D:15 true
     0 | D:1      | 0 ||| qw: Do second Lair branch before Depths: true
     0 | D:1      | 0 ||| qw: Lair rune preference: random
     0 | D:1      | 0 ||| qw: Plans: Normal
     0 | D:1      | 0 ||| PLANNING D:1-11
    30 | D:1      | 30 ||| INVOKING Spit Poison.
    64 | D:1      | 64 ||| INVOKING Spit Poison.
   172 | D:1      | 172 ||| INVOKING Spit Poison.
   176 | D:1      | 176 ||| INVOKING Spit Poison.
   232 | D:1      | 232 ||| INVOKING Spit Poison.
   476 | D:1      | 476 ||| INVOKING Spit Poison.
   603 | D:1      | 603 ||| UPGRADING to amulet of reflection.
   608 | D:1      | 608 ||| DROPPING ring of wizardry.
   609 | D:1      | 609 ||| READING scroll labelled ZEDWUN DUORO.
   610 | D:1      | 610 ||| READING 2 scrolls labelled XEITOTAWEU.
   611 | D:1      | 611 ||| READING scroll labelled TAYZYK DOSI.
   612 | D:1      | 612 ||| DROPPING scroll of butterflies.
   669 | D:2      | 669 ||| INVOKING Spit Poison.
   671 | D:2      | Reached skill level 4 in Ranged Weapons
   671 | D:2      | Reached XP level 2. HP: 26/26 MP: 2/2
   675 | D:2      | 675 ||| INVOKING Spit Poison.
   740 | D:2      | 740 ||| INVOKING Spit Poison.
   746 | D:2      | 746 ||| INVOKING Spit Poison.
   784 | D:2      | 784 ||| INVOKING Spit Poison.
  1008 | D:2      | 1008 ||| INVOKING Spit Poison.
  1013 | D:2      | 1013 ||| INVOKING Spit Poison.
  1212 | D:2      | 1212 ||| UPGRADING to +0 barding.
  1217 | D:2      | 1217 ||| UPGRADING to ring of protection from cold.
  1331 | D:3      | 1331 ||| INVOKING Spit Poison.
  1332 | D:3      | Reached XP level 3. HP: 32/32 MP: 3/3
  1405 | D:3      | 1405 ||| INVOKING Spit Poison.
  1409 | D:3      | 1409 ||| INVOKING Spit Poison.
  1477 | D:3      | 1477 ||| INVOKING Spit Poison.
  1482 | D:3      | 1482 ||| INVOKING Spit Poison.
  1483 | D:3      | 1483 ||| INVOKING Spit Poison.
  1486 | D:3      | 1486 ||| INVOKING Spit Poison.
  1491 | D:3      | 1491 ||| INVOKING Spit Poison.
  1495 | D:3      | 1495 ||| INVOKING Spit Poison.
  1504 | D:3      | 1504 ||| INVOKING Spit Poison.
  1510 | D:3      | 1510 ||| INVOKING Spit Poison.
  1512 | D:3      | Reached skill level 5 in Ranged Weapons
  1512 | D:3      | Reached XP level 4. HP: 37/39 MP: 4/4
  1530 | D:3      | 1530 ||| INVOKING Spit Poison.
  1549 | D:3      | 1549 ||| INVOKING Spit Poison.
  1555 | D:3      | 1555 ||| INVOKING Spit Poison.
  1559 | D:3      | 1559 ||| INVOKING Spit Poison.
  1591 | D:3      | Found a faded altar of an unknown god.
  1592 | D:3      | 1592 ||| INVOKING Spit Poison.
  1804 | D:3      | 1804 ||| INVOKING Spit Poison.
  1855 | D:3      | Noticed Sigmund
  1856 | D:3      | 1856 ||| INVOKING Spit Poison.
  1861 | D:3      | 1861 ||| INVOKING Spit Poison.
  1870 | D:3      | 1870 ||| READING scroll labelled FITZUA YPAVETO.
  1872 | D:3      | 1872 ||| READING 3 scrolls labelled LIORHAY NIXE.
  1979 | D:3      | 1979 ||| READING scroll labelled RAMOASSAREW.
  1980 | D:3      | 1980 ||| READING scroll labelled SEODWIMPED.
  1981 | D:3      | 1981 ||| DRINKING 2 fuming silvery potions.
  1982 | D:3      | 1982 ||| READING 2 scrolls of identify.
  1982 | D:3      | 1982 ||| IDENTIFYING white potion
  2007 | D:4      | 2007 ||| INVOKING Spit Poison.
  2019 | D:4      | 2019 ||| INVOKING Spit Poison.
  2077 | D:4      | 2077 ||| INVOKING Spit Poison.
  2137 | D:4      | 2137 ||| INVOKING Spit Poison.
  2145 | D:4      | 2145 ||| INVOKING Spit Poison.
  2210 | D:4      | Noticed a scorpion
  2213 | D:4      | 2213 ||| INVOKING Spit Poison.
  2214 | D:4      | Killed a scorpion
  2215 | D:4      | Reached skill level 3 in Fighting
  2215 | D:4      | Reached XP level 5. HP: 50/50 MP: 5/5
  2215 | D:4      | Found a staircase to the Ecumenical Temple.
  2216 | D:4      | 2216 ||| PLANNING TEMPLE
  2224 | Temple   | Entered the Ecumenical Temple
  2289 | Temple   | 2289 ||| PLANNING D:1-11
  2312 | D:4      | 2312 ||| READING scroll of enchant armour.
  2312 | D:4      | 2312 ||| ENCHANTING +0 barding.
  2317 | D:4      | 2317 ||| Stepping ~*~*~tactically~*~*~ (outnumbered).
  2318 | D:4      | 2318 ||| INVOKING Spit Poison.
  2319 | D:4      | 2319 ||| Stepping ~*~*~tactically~*~*~ (outnumbered).
  2324 | D:4      | 2324 ||| INVOKING Spit Poison.
  2327 | D:4      | 2327 ||| INVOKING Spit Poison.
  2329 | D:4      | Reached skill level 1 in Armour
  2349 | D:4      | 2349 ||| INVOKING Spit Poison.
  2388 | D:4      | 2388 ||| INVOKING Spit Poison.
  2393 | D:4      | 2393 ||| INVOKING Spit Poison.
  2436 | D:4      | 2436 ||| INVOKING Spit Poison.
  2440 | D:4      | 2440 ||| INVOKING Spit Poison.
  2443 | D:4      | 2443 ||| INVOKING Spit Poison.
  2447 | D:4      | 2447 ||| INVOKING Spit Poison.
  2448 | D:4      | 2448 ||| INVOKING Spit Poison.
  2453 | D:4      | Reached XP level 6. HP: 55/57 MP: 6/6
  2491 | D:4      | 2491 ||| READING scroll of enchant weapon.
  2491 | D:4      | 2491 ||| ENCHANTING +1 shortbow.
  2542 | D:4      | 2542 ||| INVOKING Spit Poison.
  2616 | D:4      | 2616 ||| INVOKING Spit Poison.
  2620 | D:4      | Reached skill level 6 in Ranged Weapons
  2803 | D:4      | 2803 ||| INVOKING Spit Poison.
  2921 | D:4      | 2921 ||| UPGRADING to ring of willpower.
  2972 | D:5      | Entered Level 5 of the Dungeon
  3075 | D:5      | 3075 ||| INVOKING Spit Poison.
  3080 | D:5      | 3080 ||| INVOKING Spit Poison.
  3139 | D:5      | 3139 ||| INVOKING Spit Poison.
  3143 | D:5      | 3143 ||| INVOKING Spit Poison.
  3144 | D:5      | Reached XP level 7. HP: 57/64 MP: 7/7
  3350 | D:5      | 3350 ||| INVOKING Spit Poison.
  3450 | D:5      | Reached skill level 7 in Ranged Weapons
  3456 | D:5      | 3456 ||| INVOKING Spit Poison.
  3463 | D:5      | 3463 ||| INVOKING Spit Poison.
  3480 | D:5      | 3480 ||| INVOKING Spit Poison.
  3484 | D:5      | 3484 ||| INVOKING Spit Poison.
  3619 | D:5      | 3619 ||| INVOKING Spit Poison.
  3716 | D:5      | 3716 ||| DRINKING 2 fizzy blue potions.
  3717 | D:5      | 3717 ||| DRINKING 2 potions of curing.
  3717 | D:5      | 3717 ||| (to cure confusion)
  3718 | D:5      | 3718 ||| READING 2 scrolls of identify.
  3718 | D:5      | 3718 ||| IDENTIFYING metallic golden potion
  3719 | D:5      | 3719 ||| DROPPING potion of berserk rage.
  3720 | D:5      | 3720 ||| DROPPING potion of ambrosia.
  3788 | D:6      | Noticed a steam dragon
  3789 | D:6      | 3789 ||| Stepping ~*~*~tactically~*~*~ (outnumbered).
  3791 | D:6      | 3791 ||| Stepping ~*~*~tactically~*~*~ (outnumbered).
  3796 | D:6      | 3796 ||| INVOKING Spit Poison.
  3801 | D:6      | 3801 ||| INVOKING Spit Poison.
  3804 | D:6      | 3804 ||| INVOKING Spit Poison.
  3926 | D:6      | 3926 ||| INVOKING Spit Poison.
  3930 | D:6      | 3930 ||| INVOKING Spit Poison.
  3935 | D:6      | 3935 ||| INVOKING Spit Poison.
  3939 | D:6      | Reached XP level 8. HP: 47/72 MP: 8/8
  4021 | D:6      | 4021 ||| INVOKING Spit Poison.
  4027 | D:6      | Reached skill level 8 in Ranged Weapons
  4059 | D:6      | 4059 ||| INVOKING Spit Poison.
  4065 | D:6      | 4065 ||| INVOKING Spit Poison.
  4066 | D:6      | 4066 ||| INVOKING Spit Poison.
  4071 | D:6      | 4071 ||| INVOKING Spit Poison.
  4230 | D:6      | 4230 ||| INVOKING Spit Poison.
  4233 | D:6      | 4233 ||| INVOKING Spit Poison.
  4269 | D:6      | 4269 ||| INVOKING Spit Poison.
  4327 | D:6      | 4327 ||| INVOKING Spit Poison.
  4330 | D:6      | 4330 ||| INVOKING Spit Poison.
  4353 | D:6      | 4353 ||| Stepping ~*~*~tactically~*~*~ (cloud).
  4354 | D:6      | 4354 ||| Stepping ~*~*~tactically~*~*~ (cloud).
  4355 | D:6      | 4355 ||| INVOKING Spit Poison.
  4359 | D:6      | 4359 ||| INVOKING Spit Poison.
  4385 | D:6      | 4385 ||| INVOKING Spit Poison.
  4389 | D:6      | 4389 ||| INVOKING Spit Poison.
  4390 | D:6      | Noticed Menkaure
  4391 | D:6      | 4391 ||| FLEEEEING.
  4398 | D:6      | 4398 ||| STAIRDANCE
  4465 | D:5      | 4465 ||| UPGRADING to +0 steam dragon scales.
  4475 | D:5      | 4475 ||| DROPPING +0 leather armour.
  4476 | D:5      | 4476 ||| READING scroll labelled AMAPUE YDDU.
  4477 | D:5      | 4477 ||| DRINKING 2 dark potions.
  4478 | D:5      | 4478 ||| READING 2 scrolls of identify.
  4478 | D:5      | 4478 ||| IDENTIFYING bubbling sapphire potion
  4479 | D:5      | 4479 ||| DROPPING potion of attraction.
  4516 | D:6      | Killed Menkaure
  4523 | D:6      | 4523 ||| INVOKING Spit Poison.
  4530 | D:6      | Reached skill level 9 in Ranged Weapons
  4530 | D:6      | Reached XP level 9. HP: 81/81 MP: 9/9
  4607 | D:6      | 4607 ||| INVOKING Spit Poison.
  4613 | D:6      | Reached skill level 3 in Dodging
  4616 | D:6      | 4616 ||| INVOKING Spit Poison.
  4619 | D:6      | Found a glowing silver altar of Zin.
  4620 | D:6      | Found an iron altar of Okawaru.
  4621 | D:6      | 4621 ||| PLANNING OKAWARU WORSHIP
  4624 | D:6      | Became a worshipper of Warmaster Okawaru
  4624 | D:6      | 4624 ||| PLANNING D:1-11
  4681 | D:6      | 4681 ||| INVOKING Spit Poison.
  4685 | D:6      | 4685 ||| INVOKING Spit Poison.
  4725 | D:6      | Found a shadowy altar of Dithmenos.
  4725 | D:6      | Found an ancient bone altar of Kikubaaqudgha.
  4765 | D:6      | 4765 ||| INVOKING Spit Poison.
  4769 | D:6      | 4769 ||| INVOKING Spit Poison.
  4884 | D:7      | Found a transporter.
  4903 | D:7      | Noticed a kobold demonologist
  4903 | D:7      | Noticed a kobold demonologist
  4904 | D:7      | Noticed a deep elf knight
  4922 | D:7      | 4922 ||| INVOKING Spit Poison.
  4943 | D:7      | Reached skill level 6 in Fighting
  4979 | D:7      | Found Ommar's Lightly-Used Armoury.
  4987 | D:7      | 4987 ||| BUYING -2 longbow (1 gold).
  4987 | D:7      | Bought a -2 longbow for 1 gold piece
  4987 | D:7      | 4987 ||| BUYING -2 triple crossbow (1 gold).
  4987 | D:7      | Bought a -2 triple crossbow for 1 gold piece
  4987 | D:7      | 4987 ||| SWAPPING to -2 triple crossbow.
  4988 | D:7      | 4988 ||| DROPPING -2 longbow.
  4989 | D:7      | 4989 ||| DROPPING +2 shortbow.
  5047 | D:7      | 5047 ||| INVOKING Spit Poison.
  5050 | D:7      | 5050 ||| INVOKING Spit Poison.
  5066 | D:7      | 5066 ||| INVOKING Spit Poison.
  5070 | D:7      | 5070 ||| INVOKING Spit Poison.
  5107 | D:7      | Found a transporter.
  5213 | D:7      | Found Naosu's Jewellery Shop.
  5254 | D:7      | 5254 ||| SHOPLISTING +4 ring of protection (468 gold, have
                  | 372).
  5254 | D:7      | 5254 ||| SHOPLISTING +4 ring of slaying (1014 gold, have
                  | 372).
  5254 | D:7      | 5254 ||| SHOPLISTING +5 ring of evasion (468 gold, have
                  | 372).
  5254 | D:7      | 5254 ||| BUYING ring of protection from cold (325 gold).
  5254 | D:7      | Bought a ring of protection from cold for 325 gold pieces
  5254 | D:7      | 5254 ||| SHOPLISTING ring of protection from fire (325
                  | gold, have 47).
  5347 | D:7      | 5347 ||| INVOKING Spit Poison.
  5352 | D:7      | 5352 ||| INVOKING Spit Poison.
  5356 | D:7      | 5356 ||| INVOKING Spit Poison.
  5357 | D:7      | Reached * piety under Okawaru
  5358 | D:7      | Reached skill level 10 in Ranged Weapons
  5358 | D:7      | 5358 ||| INVOKING Heroism.
  5359 | D:7      | 5359 ||| INVOKING Heroism.
  5362 | D:7      | 5362 ||| INVOKING Spit Poison.
  5691 | D:7      | 5691 ||| UPGRADING to +1 robe of fire resistance.
  5701 | D:7      | 5701 ||| UPGRADING to +2 cloak of preservation.
  5706 | D:7      | 5706 ||| READING scroll labelled UTTUR HIMODWOARGH.
  5826 | D:7      | 5826 ||| READING 2 scrolls of identify.
  5826 | D:7      | 5826 ||| IDENTIFYING amethyst potion
  5827 | D:7      | 5827 ||| DROPPING potion of enlightenment.
  5881 | D:8      | Noticed Amaemon
  5881 | D:8      | Noticed an orange demon
  5882 | D:8      | 5882 ||| INVOKING Spit Poison.
  5886 | D:8      | 5886 ||| INVOKING Spit Poison.
  5887 | D:8      | HP: 16/85 [orange demon[Amaemon] (8)]
  5888 | D:8      | 5888 ||| READING 3 scrolls of teleportation.
  5889 | D:8      | 5889 ||| DRINKING potion of heal wounds.
  5892 | D:8      | 5892 ||| INVOKING Spit Poison.
  5895 | D:8      | 5895 ||| INVOKING Spit Poison.
  5896 | D:8      | Killed Amaemon
  5897 | D:8      | Reached XP level 10. HP: 30/96 MP: 10/10
  5897 | D:8      | 5897 ||| INVOKING Heroism.
  5899 | D:8      | 5899 ||| INVOKING Spit Poison.
  5899 | D:8      | HP: 24/96 [orange demon[Amaemon] (7)]
  5900 | D:8      | 5900 ||| READING 2 scrolls of teleportation.
  5902 | D:8      | Killed an orange demon
  5903 | D:8      | 5903 ||| INVOKING Spit Poison.
  5905 | D:8      | 5905 ||| INVOKING Heroism.
  5907 | D:8      | 5907 ||| INVOKING Spit Poison.
  6263 | D:8      | 6263 ||| INVOKING Heroism.
  6296 | D:8      | 6296 ||| INVOKING Spit Poison.
  6301 | D:8      | 6301 ||| INVOKING Spit Poison.
  6509 | D:8      | 6509 ||| INVOKING Spit Poison.
  6512 | D:8      | 6512 ||| INVOKING Spit Poison.
  6520 | D:8      | 6520 ||| READING scroll labelled LIFOAQ OL ZELUU.
  6521 | D:8      | 6521 ||| READING scroll labelled MULLUCI WUTAOS.
  6537 | D:9      | 6537 ||| STAIRDANCE
  6657 | D:9      | 6657 ||| INVOKING Heroism.
  6662 | D:9      | 6662 ||| INVOKING Spit Poison.
  6665 | D:9      | 6665 ||| INVOKING Spit Poison.
  6666 | D:9      | Reached skill level 3 in Invocations
  6749 | D:9      | 6749 ||| INVOKING Spit Poison.
  6755 | D:9      | 6755 ||| INVOKING Spit Poison.
  6935 | D:9      | 6935 ||| INVOKING Spit Poison.
  6939 | D:9      | 6939 ||| INVOKING Spit Poison.
  6942 | D:9      | 6942 ||| INVOKING Spit Poison.
  6947 | D:9      | 6947 ||| INVOKING Spit Poison.
  7042 | D:9      | 7042 ||| READING 3 scrolls of identify.
  7042 | D:9      | 7042 ||| IDENTIFYING fizzy green potion
  7089 | D:10     | Entered Level 10 of the Dungeon
  7098 | D:10     | 7098 ||| INVOKING Spit Poison.
  7107 | D:10     | 7107 ||| INVOKING Spit Poison.
  7108 | D:10     | Noticed Harold
  7109 | D:10     | 7109 ||| INVOKING Heroism.
  7113 | D:10     | 7113 ||| INVOKING Spit Poison.
  7115 | D:10     | Killed Harold
  7115 | D:10     | Reached ** piety under Okawaru
  7116 | D:10     | Reached skill level 11 in Ranged Weapons
  7118 | D:10     | 7118 ||| INVOKING Spit Poison.
  7119 | D:10     | Noticed Maggie
  7122 | D:10     | 7122 ||| INVOKING Spit Poison.
  7125 | D:10     | 7125 ||| INVOKING Heroism.
  7126 | D:10     | 7126 ||| INVOKING Spit Poison.
  7129 | D:10     | HP: 22/88 [wight/+0 mace (1)]
  7130 | D:10     | 7130 ||| READING scroll of teleportation.
  7131 | D:10     | 7131 ||| DRINKING potion of heal wounds.
  7132 | D:10     | 7132 ||| INVOKING Spit Poison.
  7154 | D:10     | 7154 ||| INVOKING Heroism.
  7157 | D:10     | 7157 ||| INVOKING Spit Poison.
  7161 | D:10     | 7161 ||| INVOKING Spit Poison.
  7164 | D:10     | 7164 ||| INVOKING Heroism.
  7166 | D:10     | HP: 20/91 [Maggie/bolt of fire (7)]
  7167 | D:10     | 7167 ||| INVOKING Spit Poison.
  7167 | D:10     | HP: 9/91 [Maggie/bolt of fire (12)]
  7168 | D:10     | Mangled by Maggie

Levels and vault maps discovered:
D:1:      ncdulo_smallfort, layout_loops_ring
D:2:      layout_loops_ring, amethyst_killhole, minmay_indecisive_spiral
D:3:      layout_basic, hellmonk_ecumenical_altar_arch_garden,
          minmay_quadrilaterals, uniq_sigmund
D:4:      layout_basic, minmay_temple_entry_statues
D:5:      layout_loops_ring, grunt_tough_drop
D:6:      minmay_inner_zag, layout_rooms, gammafunk_temple_overflow_elements,
          nicolae_overflow_squiral, chequers_serial_rivers_large_a,
          uniq_menkaure
D:7:      gammafunk_wand_slinger, layout_basic, serial_shops, shop,
          minmay_shop_damaged, minivault_19, hangedman_decor_clover_reticule,
          kennysheep_generic_room_16
D:8:      layout_basic, nicolae_figureground_sparkle, uniq_amaemon
D:9:      layout_roguey
D:10:     layout_big_octagon, grunt_lair_entry_orc_guard_hut, uniq_harold,
          uniq_maggie, uniq_maurice
Temple:   dpeg_three_leaves_temple

Skill      XL: |  1  2  3  4  5  6  7  8  9 10 |
---------------+-------------------------------+-----
Ranged Weapons | 4 5 6 7 9 10 11 | 11.2
Fighting       | 3 4 5 8 |  8.2
Armour         | 1 2 |  2.5
Dodging        | 2 3 4 |  4.0
Invocations    | 4 |  4.0
Stealth        | |  1.5

Action                     |  1- 3 |  4- 6 |  7- 9 | 10-12 || total
---------------------------+-------+-------+-------+-------++-------
   Fire: Shortbow          |    67 |    79 |   146 |       ||   292
         Triple crossbow   |       |       |    49 |    72 ||   121
 Invoke: Heroism           |       |       |     1 |     8 ||     9
Ability: Spit Poison       |    23 |    31 |    45 |    25 ||   124
    Use: Scroll            |     3 |     7 |     6 |     5 ||    21
         Potion            |       |     1 |     4 |     1 ||     6
 Armour: Leather armour    |     8 |    20 |    29 |       ||    57
         Steam dragon scal |       |       |    42 |       ||    42
         Robe              |       |       |    23 |    49 ||    72
  Dodge: Dodged            |     7 |    13 |    64 |    48 ||   132
  Block: Other             |     6 |     9 |    41 |    23 ||    79
         Reflection        |     2 |       |     1 |     1 ||     4

Table legend:
 A = Non-vault XP
 B = Vault XP
 C = Vault XP percentage of total XP
 D = Non-vault monster count
 E = Vault monster count
 F = Vault count percentage of total count
                 A         B        C        D         E       F
            +---------+---------+-------+---------+---------+-------
      Total |    4452 |    3355 |  43.0 |     117 |      30 |  20.4
            +---------+---------+-------+---------+---------+-------
        D:1 |       8 |       0 |   0.0 |       5 |       0 |   0.0
        D:2 |      12 |       8 |  40.0 |      10 |       4 |  28.6
        D:3 |      46 |      22 |  32.4 |      21 |       5 |  19.2
        D:4 |     458 |       0 |   0.0 |      17 |       0 |   0.0
        D:5 |     241 |     205 |  46.0 |       5 |       5 |  50.0
        D:6 |    1030 |     531 |  34.0 |      17 |       7 |  29.2
        D:7 |    1183 |     170 |  12.6 |      15 |       2 |  11.8
        D:8 |     303 |    1176 |  79.5 |      10 |       2 |  16.7
        D:9 |     643 |       0 |   0.0 |      11 |       0 |   0.0
       D:10 |     528 |    1243 |  70.2 |       6 |       5 |  45.5
            +---------+---------+-------+---------+---------+-------
